AoeStats
← Gore1021

Black Forest

509639682Analyzed
2v2 RM · 5d ago on Sep 27, 2026· 52m 18s· 4 players
Game mode
Random Map
Map size
Medium (4 player)
Population
200
Speed
Normal
Resources
Standard
Victory
Conquest
Starting age
Dark Age
Ending age
Imperial Age
RankedLock teamsTeams togetherTeam positionsShared explorationLock speedFull tech treeHidden civsTurbo modeCheats
Victory
Defeat
🇪🇸 Franks · Spain
994
+16
🇨🇦 Khitans · Canada
986
+16
🇨🇳 Wei · China
1031
-18
🇨🇱 Tatars · Chile
951
-14
Gore1021
0:31 Loom
12:26 Feudal Age
12:54 Double-Bit Axe
18:32 Man-at-Arms
22:26 Castle Age
20:41 Domestication
21:51 Scale Mail Armor
22:36 Forging
22:22 Arson
23:11 Squires
23:55 Bow Saw
25:31 Chain Mail Armor
26:59 Fervor
27:17 Gold Mining
27:20 Stone Mining
32:45 Imperial Age
32:25 Wheelbarrow
35:23 Chemistry
35:04 Heavy Rocket Cart
35:41 Fletching
36:22 Plate Mail Armor
35:59 Scale Barding Armor
35:45 Pikeman
38:16 Siege Engineers
41:35 Padded Archer Armor
42:12 Iron Casting
42:02 Conscription
43:26 Two-Man Saw
42:50 Elite Fire Lancer
45:59 Hand Cart
46:02 Elite Liao Dao
46:53 Lamellar Armor
ivanxiri25
10:07 Feudal Age
10:47 Double-Bit Axe
11:39 Town Watch
12:33 Wheelbarrow
19:48 Castle Age
17:17 Man-at-Arms
20:30 Long Swordsman
21:32 Squires
24:29 Gold Mining
27:14 Fortified Wall
27:43 Scale Barding Armor
27:26 Town Watch
28:33 Hand Cart
29:21 Stone Mining
30:10 Bow Saw
33:13 Imperial Age
30:49 Loom
31:11 Town Patrol
33:22 Chain Barding Armor
34:39 Gold Shaft Mining
34:16 Husbandry
33:43 Cavalier
35:38 Chemistry
35:57 Two-Handed Swordsman
38:38 Chivalry
38:25 Paladin
39:23 Onager
43:25 Plate Barding Armor
48:13 Champion
ReinHardt2737
0:43 Loom
13:54 Feudal Age
21:07 Castle Age
25:55 Fletching
26:53 Horse Collar
27:02 Double-Bit Axe
30:06 Wheelbarrow
29:17 Town Watch
31:00 Fortified Wall
31:01 Masonry
31:12 Ballistics
35:58 Imperial Age
34:30 Caravan
36:34 Bow Saw
36:10 Onager
39:11 Hand Cart
40:57 Chemistry
41:17 Conscription
42:02 Treadmill Crane
42:18 Murder Holes
44:04 Forging
44:00 Scale Barding Armor
43:50 Bodkin Arrow
45:41 Bloodlines
45:31 Husbandry
44:52 Heavy Camel Rider
46:16 Iron Casting
3014476703
11:00 Feudal Age
12:51 Wheelbarrow
12:15 Double-Bit Axe
18:10 Castle Age
16:19 Horse Collar
19:55 Bow Saw
19:46 Heavy Plow
25:22 Hand Cart
27:46 Imperial Age
26:33 Hand Cart
26:04 Town Watch
26:11 Town Watch
26:41 Gold Mining
26:48 Stone Mining
28:54 Fletching
29:05 Padded Archer Armor
29:24 Masonry
30:17 Chemistry
29:03 Treadmill Crane
29:44 Ballistics
30:21 Forging
30:09 Bodkin Arrow
30:22 Scale Barding Armor
30:33 Leather Archer Armor
31:31 Crop Rotation
31:46 Stone Shaft Mining
31:49 Gold Shaft Mining
31:53 Bracer
32:30 Iron Casting
32:06 Town Patrol
31:53 Loom
32:12 Caravan
33:05 Fortified Wall
33:49 Conscription
33:57 Ming Guang Armor
33:37 Tuntian
35:28 Blast Furnace
34:50 Chain Barding Armor
35:03 Ring Archer Armor
36:17 Ring Archer Armor
36:50 Parthian Tactics
36:31 Thumb Ring
37:31 Bloodlines
37:22 Husbandry
39:11 Murder Holes
40:37 Heavy Hei Guang Cavalry
Connection lost

Rejoining the realm…

Still unreachable

The connection could not be restored.

Session expired

The server has moved on; the page needs a fresh start.